 Dungeon Crawl Stone Soup version 0.17.1-3-g152610e (webtiles) character file.

1885 WarriorsX the Carver (level 9, -5/63 HPs)
             Began as a Human Fighter on Mar 5, 2016.
             Was a Believer of Nemelex Xobeh.
             Slain by an orc warrior
             ... wielding a +0 dire flail
              (19 damage)
             ... on level 7 of the Dungeon.
             The game lasted 00:21:23 (7281 turns).

WarriorsX the Carver (Human Fighter)                Turns: 7281, Time: 00:21:23

Health: -5/63      AC: 12    Str: 21    XL:     9   Next: 36%
Magic:  10/10      EV:  7    Int: 10    God:    Nemelex Xobeh [**....]
Gold:   179        SH: 12    Dex: 12    Spells: 0 memorised, 8 levels left

rFire  . . .     SeeInvis .     t - +1 long sword (slice)
rCold  . . .     Clarity  .     k - +1 chain mail
rNeg   . . .     SustAt   .     o - +2 shield
rPois  .         Gourm    .     (no helmet)
rElec  .         Spirit   .     (no cloak)
rCorr  .         Warding  .     n - +0 pair of gloves
rMut   .         Stasis   .     (no boots)
MR     .....                    (no amulet)
Stlth  ..........               (no ring)
                                j - ring of stealth

@: not resistant to hostile enchantments, extremely unstealthy
A: strong 1
a: Renounce Religion


You were on level 7 of the Dungeon.
You worshipped Nemelex Xobeh.
Nemelex Xobeh was pleased with you.
You were very hungry.

You visited 1 branch of the dungeon, and saw 7 of its levels.

You collected 225 gold pieces.

Inventory:

Hand Weapons
 a - a +1 long sword
 s - a +0 scythe
 t - a +1 long sword of slicing (weapon)
Armour
 k - a +1 chain mail (worn)
 n - a +0 pair of gloves (worn)
 o - a +2 shield (worn)
 y - a +1 leather armour of fire resistance
Jewellery
 j - a ring of stealth (left hand)
 u - an uncursed amulet of faith {unknown}
Wands
 b - a wand of confusion (23)
 v - a wand of disintegration (0)
Scrolls
 f - 2 scrolls of teleportation
 h - 4 scrolls of remove curse
 i - 6 scrolls of identify
 p - 3 scrolls of recharging
Potions
 c - a potion of poison {unknown}
 d - 4 potions of might
 g - a potion of ambrosia
 l - a potion of curing
 C - a potion of heal wounds
Books
 r - a book of Party Tricks

   Spells                             Type                      Level
   a - Summon Butterflies             Summoning                    1
   b - Apportation                    Translocation                1
   c - Tukima's Dance                 Hexes                        3
   d - Alistair's Intoxication        Transmutation/Poison         4
   e - Invisibility                   Hexes                        6
 z - a book of Unlife

   Spells                             Type                      Level
   a - Recall                         Summoning/Translocation      3
   b - Animate Dead                   Necromancy                   4
   c - Control Undead                 Necromancy                   4
   d - Cigotuvi's Embrace             Necromancy                   5
   e - Death Channel                  Necromancy                   6
   f - Simulacrum                     Ice/Necromancy               6
 A - a book of Spatial Translocations

   Spells                             Type                      Level
   a - Apportation                    Translocation                1
   b - Blink                          Translocation                2
   c - Shroud of Golubria             Charms/Translocation         2
   d - Portal Projectile              Translocation                3
   e - Teleport Other                 Translocation                3
   f - Passage of Golubria            Translocation                4
 B - a book of the Dragon

   Spells                             Type                      Level
   a - Flame Tongue                   Conjuration/Fire             1
   b - Cause Fear                     Hexes                        4
   c - Bolt of Fire                   Conjuration/Fire             6
   d - Dragon Form                    Transmutation                7
   e - Dragon's Call                  Summoning                    9
Comestibles
 e - 4 bread rations
 m - a slice of pizza
 q - a meat ration
 x - a royal jelly


   Skills:
 - Level 3.0 Fighting
 - Level 8.1 Long Blades
 - Level 6.2 Armour
 + Level 3.3 Dodging
 + Level 5.8 Shields
 - Level 2.0 Evocations


You had 8 spell levels left.
You didn't know any spells.

Dungeon Overview and Level Annotations

Branches:
Dungeon (7/15)
 Temple: D:4-7

Altars:
Cheibriados
Elyvilon
Kikubaaqudgha
Nemelex Xobeh
Qazlal
Trog


Innate Abilities, Weirdness & Mutations

Your muscles are strong. (Str +2)


Message History

You barely miss the orc warrior.
The orc warrior hits you with a dire flail!
You hit the orc warrior.
The orc warrior is lightly wounded.
You block the orc warrior's attack.
You hit the orc warrior but do no damage.
The orc warrior is lightly wounded.
You block the orc warrior's attack.
You hit the orc warrior.
The orc warrior is moderately wounded.
The orc warrior hits you with a dire flail!
You closely miss the orc warrior.
The orc warrior is moderately wounded.
The orc warrior hits you with a dire flail!
* * * LOW HITPOINT WARNING * * *
You hit the orc warrior.
The orc warrior is heavily wounded.
The orc warrior hits you with a dire flail!!
You die...
Your body disappears without a glow.

#..# ##..## #.$.. #...#
#... #..# #..#
#.###o.###.#
#....@.....#
#.###..###.# #(.# #(<# #
#.(# # #### #..###.## #
#...###(....#. ####
#........###.# ##...
#..........#.#######...#


You could see an orc warrior.

Vanquished Creatures
  A two-headed ogre (D:6)
  Sigmund (D:3)
  An ice beast (D:6)
  An orc warrior (D:7)
  A black bear (D:6)
  An ogre (D:5)
  2 centaurs
  A big kobold (D:4)
  2 scorpions
  A hound (D:5)
  3 orc priests
  A giant frog skeleton (D:6)
  3 orc wizards
  An iguana (D:6)
  Terence (D:2)
  5 worker ants
  A hound zombie (D:6)
  A worker ant zombie (D:6)
  4 adders
  A gnoll (D:1)
  A shadow imp (D:6)
  3 worms
  An adder skeleton (D:4)
  A giant gecko (D:2)
  8 orcs
  2 bats
  2 bat zombies (D:4)
  4 giant cockroaches
  11 goblins
  6 hobgoblins
  9 jackals
  29 kobolds
  A giant gecko zombie (D:5)
  8 giant newts
  A quokka (D:7)
  A quokka skeleton (D:7)
  3 rats (D:1)
  A rat zombie (D:4)
125 creatures vanquished.

Vanquished Creatures (collateral kills)
  Eustachio (D:6)
  A deep elf fighter (D:6)
  An orc warrior (D:6)
  A wight (D:6)
  An orc wizard (D:6)
5 creatures vanquished.

Grand Total: 130 creatures vanquished

Notes
Turn   | Place    | Note
--------------------------------------------------------------
     0 | D:1      | WarriorsX the Human Fighter began the quest for the Orb.
     0 | D:1      | Reached XP level 1. HP: 18/18 MP: 1/1
   132 | D:1      | Reached XP level 2. HP: 10/24 MP: 2/2
   551 | D:1      | Reached XP level 3. HP: 25/29 MP: 3/3
  1421 | D:2      | Noticed Terence
  1434 | D:2      | Killed Terence
  1434 | D:2      | Reached skill level 4 in Long Blades
  1434 | D:2      | Reached XP level 4. HP: 24/35 MP: 4/4
  2048 | D:2      | Reached XP level 5. HP: 41/41 MP: 5/5
  2249 | D:3      | Noticed Sigmund
  2260 | D:3      | Killed Sigmund
  2260 | D:3      | Reached skill level 6 in Long Blades
  2260 | D:3      | Reached XP level 6. HP: 26/47 MP: 6/6
  2951 | D:4      | Gained mutation: Your muscles are strong. (Str +2) [potion of beneficial mutation]
  2983 | D:4      | Found a sparkling altar of Nemelex Xobeh.
  3126 | D:4      | Became a worshipper of Nemelex Xobeh the Trickster
  3133 | D:4      | Reached XP level 7. HP: 52/52 MP: 7/7
  3148 | D:4      | Reached skill level 7 in Long Blades
  3225 | D:4      | Received a gift from Nemelex Xobeh
  3621 | D:4      | Found an ancient bone altar of Kikubaaqudgha.
  3906 | D:5      | Entered Level 5 of the Dungeon
  4049 | D:5      | Found a stormy altar of Qazlal.
  4053 | D:5      | Found a white marble altar of Elyvilon.
  4208 | D:5      | Reached * piety under Nemelex Xobeh
  4219 | D:5      | Reached skill level 8 in Long Blades
  4481 | D:5      | Found a bloodstained altar of Trog.
  4553 | D:5      | Received a gift from Nemelex Xobeh
  4875 | D:6      | Reached XP level 8. HP: 58/58 MP: 8/8
  4887 | D:6      | Noticed Eustachio
  4888 | D:6      | Noticed a deep elf fighter
  4907 | D:6      | Killed Eustachio
  5173 | D:6      | Killed a deep elf fighter
  5173 | D:6      | Reached skill level 5 in Armour
  5173 | D:6      | Reached skill level 1 in Evocations
  5664 | D:6      | Noticed a two-headed ogre
  5759 | D:6      | Killed a two-headed ogre
  5922 | D:6      | Found a snail-covered altar of Cheibriados.
  5964 | D:6      | Reached skill level 1 in Dodging
  6147 | D:6      | Reached XP level 9. HP: 43/63 MP: 10/10
  6555 | D:7      | Reached skill level 5 in Shields
  6615 | D:7      | Reached ** piety under Nemelex Xobeh
  7281 | D:7      | Slain by an orc warrior

Action                   |  1- 3 |  4- 6 |  7- 9 || total
-------------------------+-------+-------+-------++-------
Melee: Long sword        |   100 |   127 |   302 ||   529
Evoke: Deck              |       |       |     9 ||     9
       Wand              |       |       |     2 ||     2
  Use: Scroll            |       |     7 |     3 ||    10
       Potion            |       |     3 |     3 ||     6
 Stab: Distracted        |       |     1 |     1 ||     2
  Eat: Chunk             |     1 |     4 |     8 ||    13
       Bread ration      |       |     1 |       ||     1
       Royal jelly       |       |       |     1 ||     1
